 Dungeon Crawl Stone Soup version 0.29.1-12-g30fa7ad0bf (webtiles) character file.

Game seed: 3787671940725915642

5 sanboga the Sneak (level 1, -6/20 HPs)
             Began as a Minotaur Delver on Jan 14, 2023.
             Was an Initiate of Trog.
             Mangled by an iguana (10 damage)
             ... on level 4 of the Dungeon.
             The game lasted 00:01:01 (142 turns).

sanboga the Sneak (Minotaur Delver)                  Turns: 142, Time: 00:01:01

Health: -6/20      AC:  3    Str: 16    XL:     1   Next: 66%
Magic:  0/0        EV: 11    Int:  7    God:    Trog [......]
Gold:   0          SH:  0    Dex: 11    Spells: 0/0 levels left

rFire   . . .      SeeInvis .   l - +0 war axe
rCold   . . .      Faith    .   (no shield)
rNeg    . . .      Spirit   .   b - +0 leather armour
rPois   .          Reflect  .   (helmet restricted)
rElec   .          Harm     .   (no cloak)
rCorr   .          Rampage  .   (no gloves)
Will    ++...                   (no boots)
Stlth   ++........              (no amulet)
HPRegen 0.06/turn               i - ring of willpower
MPRegen 0.07/turn               j - ring of willpower

@: no status effects
A: horns 2, retaliatory headbutt
a: Renounce Religion


You were on level 4 of the Dungeon.
You worshipped Trog.
Trog was noncommittal.
You visited 2 branches of the dungeon, and saw 3 of its levels.

Inventory:

Hand Weapons
 l - a +0 war axe (weapon)
Armour
 b - a +0 leather armour (worn)
Jewellery
 i - a ring of willpower (left hand)
 j - a ring of willpower (right hand)
Wands
 g - a wand of digging (3)
Scrolls
 c - a scroll of fog
 d - a scroll of magic mapping
 e - a scroll of fear
 k - a scroll of brand weapon {unknown}
Potions
 f - a potion of haste
 h - a potion of attraction {unknown}


   Skills:
 + Level 3.7 Fighting
 * Level 2.8 Axes
 + Level 0.5 Armour
 - Level 2.1 Dodging
 - Level 4.1 Stealth


You couldn't memorise any spells.
You didn't know any spells.
Your spell library was empty.

Dungeon Overview and Level Annotations

Branches:
Dungeon (5/15)             Temple (1/1) D:5

Altars:
Kikubaaqudgha
Makhleb
Qazlal
Trog
Vehumet
Wu Jian
Xom


Innate Abilities, Weirdness & Mutations

You have a pair of horns on your head.
You reflexively headbutt those who attack you in melee.


Message History

Trog accepts your kill.
An iguana comes into view.
k - a scroll labelled HEYWKAR DAO A kobold comes into view.
It is wielding a +0 short sword.
The kobold shouts!
You hear an angry hiss.
A ball python comes into view.
You hit the kobold.
You kill the kobold!
Trog accepts your kill. The ball python barely misses you.
The ball python grabs you. The ball python constricts you.
You see here a +0 short sword.
You barely miss the ball python. Your headbutt misses the ball python.
The ball python bites you but does no damage.
The ball python constricts you. The ball python barely misses you.
The ball python constricts you.
You hit the ball python. Your headbutt misses the ball python.
The ball python is severely wounded.
The ball python closely misses you. The ball python constricts you.
You hit the ball python.
You kill the ball python!
Trog accepts your kill.
You see here a ball python corpse.
Found a war axe.
A kobold comes into view. It is wielding a +0 dagger of venom.
You see here a +0 war axe.
l - a +0 war axe An iguana comes into view.
l - a +0 war axe (weapon)
You drop a +0 hand axe.
The iguana hisses angrily.
You closely miss the iguana. The iguana bites you!
Ouch! That really hurt!
* * * LOW HITPOINT WARNING * * *
You are too injured to fight recklessly!
You slash the iguana! You headbutt the iguana.
The iguana is almost dead.
The iguana bites you!
Ouch! That really hurt!
You die...

##.####.# ..
......#.###.###
K..............
...............
..#####.###....
#.# ### #.# #
#)###.# #..@l.#
#####.# #


You could see an iguana.

Vanquished Creatures
  An orc (D:4)
  An endoplasm (D:4)
  A kobold (D:4)
  A ball python (D:4)
4 creatures vanquished.

Notes
Turn   | Place    | Note
-------+----------+-------------------------------------------
     0 | D:5      | sanboga the Minotaur Delver began the quest for the Orb.
     0 | D:5      | Reached XP level 1. HP: 19/19 MP: 0/0
     4 | D:5      | Found a staircase to the Ecumenical Temple.
    11 | Temple   | Entered the Ecumenical Temple
    22 | Temple   | Became a worshipper of Trog the Wrathful
    93 | D:4      | Noticed an iguana
   135 | D:4      | Noticed an iguana
   142 | D:4      | Mangled by an iguana

Illustrated notes

Levels and vault maps discovered:
D:4:      layout_loops_ring
D:5:      layout_gridville, temple_statues, gammafunk_ghost_grave
Temple:   nicolae_temple_great_sept

Action                   || total
-------------------------++-------
Melee: Hand axe          ||     7
       War axe           ||     2
       Headbutt          ||     2
 Stab: Sleeping          ||     2
Armor: Leather armour    ||     1
Dodge: Dodged            ||     3
